 Dungeon Crawl Stone Soup version 0.28-a0-823-gb444dcf96d (webtiles) character file.

Game seed: 11777099759430213562

7 meatgazer the Skirmisher (level 1, -10/18 HPs)
             Began as a Demonspawn Abyssal Knight on Nov 9, 2021.
             Was a Follower of Lugonu.
             Mangled by a large abomination (12 damage)
             ... on level 1 of the Abyss.
             The game lasted 00:00:17 (69 turns).

meatgazer the Skirmisher (Demonspawn Abyssal Knight)  Turns: 69, Time: 00:00:18

Health: -10/18     AC:  3    Str: 13    XL:     1   Next: 91%
Magic:  2/2        EV: 11    Int: 11    God:    Lugonu [*.....]
Gold:   20         SH:  0    Dex: 13    Spells: 0/0 levels left

rFire   . . .      SeeInvis .   a - +1 hand axe
rCold   . . .      Faith    .   (no shield)
rNeg    . . .      Spirit   .   b - +0 leather armour
rPois   .          Reflect  .   (no helmet)
rElec   .          Harm     .   (no cloak)
rCorr   .          Rampage  .   (no gloves)
Will    .....                   (no boots)
Stlth   +.........              (no amulet)
HPRegen 0.06/turn               (no ring)
MPRegen 0.08/turn               (no ring)

@: no status effects
A: no striking features
a: Renounce Religion, Depart the Abyss


You were on level 1 of the Abyss.
You worshipped Lugonu.
Lugonu was aware of your devotion.
You visited 0 branches of the dungeon, and saw 0 of its levels.
You visited the Abyss 1 time.

You collected 20 gold pieces.

Inventory:

Hand Weapons
 a - a +1 hand axe (weapon)
Armour
 b - a +0 leather armour (worn)
Potions
 c - a potion of curing


   Skills:
 + Level 3.3 Fighting
 + Level 1.9 Axes
 + Level 1.9 Armour
 + Level 0.8 Dodging
 + Level 2.5 Invocations


You couldn't memorise any spells.
You didn't know any spells.
Your spell library was empty.

Dungeon Overview and Level Annotations

Branches:
Dungeon (0/15)

Altars:


Message History

You now have 20 gold pieces (gained 11).
Found a chain mail.
A shadow imp comes into view.
It was a potion of curing.
You feel better.
The shadow imp shouts, "Quit, thou artless sheep-biting pignut!"
You hit the shadow imp.
The shadow imp is moderately wounded.
The shadow imp hits you.
You barely miss the shadow imp.
The shadow imp is moderately wounded.
The shadow imp hits you.
You hit the shadow imp but do no damage.
The shadow imp is moderately wounded.
The shadow imp hits you.
You hit the shadow imp.
The shadow imp is heavily wounded.
The shadow imp summons a swarm of flies.
The shadow imp misses you. The shadow imp hits you.
You hit the shadow imp but do no damage.
The shadow imp is heavily wounded.
The shadow imp hits you.
You hit the shadow imp.
The shadow imp is almost dead.
The shadow imp barely misses you.
You hit the shadow imp.
You kill the shadow imp!
You start resting.
A large abomination comes into view.
A large abomination is nearby!
A large abomination is nearby!
You start resting.
A large abomination is nearby!
A large abomination is nearby!
A large abomination is nearby!
You hit the large abomination but do no damage.
The large abomination hits you!
* * * LOW HITPOINT WARNING * * *
You barely miss the large abomination. The large abomination hits you!
Ouch! That really hurt!
You die...

# .# #X ###
##. . ..# #.
#..#
#####....#
#@#.. ..##.#
. .##X#.# . .
. .##...#
...# ## #
.#..###..##.#
# ..#.. ##
..# ... . #.
.#.####.##.#
.#..###..
...## #....
... # #.. . .
.


You could see a large abomination.

Vanquished Creatures
  A shadow imp (Abyss:1)
1 creature vanquished.

Notes
Turn   | Place    | Note
-------+----------+-------------------------------------------
     0 | Abyss:1  | meatgazer the Demonspawn Abyssal Knight began the quest for
                  | the Orb.
     0 | Abyss:1  | Reached XP level 1. HP: 18/18 MP: 2/2
    58 | Abyss:1  | Noticed a large abomination
    69 | Abyss:1  | Mangled by a large abomination

Illustrated notes

Levels and vault maps discovered:
Abyss:1:  base: Temple, base:
Temple

Action                   || total
-------------------------++-------
Melee: Hand axe          ||     9
  Use: Potion            ||     1
Dodge: Dodged            ||     2

Table legend: (Time is in decaauts)
 A = Elapsed time spent in this place.
 B = Non-inter-level travel time spent in this place.
 C = Inter-level travel time spent in this place.
 D = Time resting spent in this place.
 E = Time spent auto-exploring this place.
 F = Levels seen in this place.
 G = Mean time per level.
                   A        B        C        D        E       F      G
               +--------+--------+--------+--------+--------+-----+--------+
         Total |     70 |     70 |      0 |     13 |     36 |   1 |   70.0 |
         Abyss |     70 |     70 |      0 |     13 |     36 |   1 |   70.0 |
               +--------+--------+--------+--------+--------+-----+--------+

Top non-repeatable levels by time:
 Abyss:1: 70 daAuts
